 Dungeon Crawl Stone Soup version 0.30.1-11-g7821555f0a (webtiles) character file.

Game seed: 1947933243687686927

6898 Peloso the Carver (level 10, -7/90 HPs)
             Began as a Minotaur Fighter on Dec 14, 2023.
             Was an Elder of Okawaru.
             Mangled by a death yak (21 damage)
             ... on level 9 of the Dungeon.
             The game lasted 00:13:57 (7063 turns).

Peloso the Carver (Minotaur Fighter)                Turns: 7063, Time: 00:13:58

Health: -7/90      AC: 16    Str: 21    XL:     10   Next: 79%
Magic:  10/10      EV: 15    Int:  5    God:    Okawaru [****..]
Gold:   343        SH:  6    Dex: 14    Spells: 9/9 levels left

rFire   . . .        a - +0 long sword
rCold   . . .        d - +0 buckler
rNeg    . . .        s - +1 chain mail
rPois   .            (helmet restricted)
rElec   .            n - +0 cloak
rCorr   +            c - +0 pair of gloves
SInv    .            H - +0 pair of boots
Will    .....        u - amulet of regeneration Stlth
                     l - +5 ring of evasion
HPRegen 1.15/turn    N - ring of resist corrosion
MPRegen 0.12/turn

%: no passive effects
@: weak-willed
A: horns 2, retaliatory headbutt
a: Renounce Religion, Heroism, Finesse


You were on level 9 of the Dungeon.
You worshipped Okawaru.
Okawaru was greatly pleased with you.
You visited 1 branch of the dungeon, and saw 9 of its levels.

You collected 369 gold pieces.
You spent 26 gold pieces at shops.

Inventory:

Hand Weapons
 a - a +0 long sword (weapon)
Missiles
 E - 4 throwing nets (quivered)
Armour
 b - a +0 scale mail
 c - a +0 pair of gloves (worn)
 d - a +0 buckler (worn)
 n - a +0 cloak (worn)
 s - a +1 chain mail (worn)
 H - a +0 pair of boots (worn)
Jewellery
 l - a +5 ring of evasion (left hand)
 p - a ring of ice
 u - an amulet of regeneration (around neck)
 G - a ring of ice
 M - a +5 ring of evasion
 N - a ring of resist corrosion (right hand)
 O - a ring of fire
Wands
 x - a wand of polymorph (9)
 y - a wand of digging (2)
 z - a wand of flame (29)
Scrolls
 e - a scroll of torment
 g - a scroll of blinking
 i - a scroll of fog
 j - 5 scrolls of enchant armour
 k - 2 scrolls of vulnerability
 m - 3 scrolls of fear
 o - a scroll of enchant weapon {unknown}
 q - a scroll of noise {unknown}
 r - a scroll of magic mapping
 A - a scroll of amnesia
 B - 2 scrolls of teleportation {unknown}
 C - a scroll of acquirement
 K - a scroll of immolation {unknown}
 L - a scroll of brand weapon {unknown}
Potions
 f - a potion of might
 h - 5 potions of curing
 t - a potion of resistance
 v - 6 potions of mutation
 w - a potion of berserk rage {unknown}
 D - a potion of lignification {unknown}
 F - 2 potions of ambrosia {unknown}
 I - a potion of flight {unknown}
 J - 2 potions of brilliance


   Skills:
 + Level 8.8 Fighting
 + Level 13.2 Long Blades
 + Level 9.4 Armour
 + Level 4.2 Dodging
 + Level 1.3 Stealth
 + Level 8.0 Shields
 + Level 1.3 Invocations
 + Level 0.1 Evocations


You had 9 spell levels left.
You didn't know any spells.
Your spell library contained the following spells:

 Spells                   Type           Power      Damage    Failure   Level
 Apportation              Tloc           0%         N/A       98%         1
 Necrotise                Necr           0%         1d4       98%         1
 Ensorcelled Hibernation  Hex/Ice        0%         N/A       99%         2
 Static Discharge         Conj/Air       0%         2-2/arc   99%         2
 Inner Flame              Hex/Fire       0%         N/A       100%        3
 Portal Projectile        Hex/Tloc       0%         N/A       100%        3
 Spider Form              Tmut/Pois      0%         N/A       100%        3
 Airstrike                Air            0%         2d(0-16)  100%        4
 Anguish                  Hex/Necr       0%         N/A       100%        4
 Leda's Liquefaction      Hex/Erth       0%         N/A       100%        4
 Blade Hands              Tmut           0%         N/A       100%        5
 Lee's Rapid Deconstruct  Erth           0%         3d4*      100%        5
 Yara's Violent Unravell  Hex/Tmut       0%         3d3       100%        5
 Statue Form              Tmut/Erth      0%         N/A       100%        6
 Enfeeble                 Hex            0%         N/A       100%        7
 Summon Small Mammal      Summ           Unusable   N/A       N/A         1
 Tukima's Dance           Hex            Unusable   N/A       N/A         3
 Summon Lightning Spire   Summ/Air       Unusable   N/A       N/A         4

Dungeon Overview and Level Annotations

Branches:
Dungeon (9/15)             Temple (0/1) D:5            Lair (0/5) D:9
    Orc: D:9-12

Altars:
Cheibriados
Dithmenos
Gozag
Nemelex Xobeh
Okawaru
Qazlal
Yredelemnul
Zin

Shops:
D:4 :   D:7 *

Annotations:
D:1 Dig
D:2 1 runed translucent door, Crazy Yiuf
D:9 Dig


Innate Abilities, Weirdness & Mutations

You have a pair of horns on your head.
You reflexively headbutt those who attack you in melee.


Message History

A kobold comes into view. It is wielding a +0 dagger.
You hit the death yak but do no damage.
The death yak is severely wounded.
The death yak completely misses you.
You barely miss the death yak.
The death yak is severely wounded.
You hit the death yak but do no damage.
The death yak is severely wounded.
A two-headed ogre comes into view. It is wielding two +0 giant clubs.
The death yak gores you!
You completely miss the death yak.
The death yak is heavily wounded.
The death yak gores you but does no damage.
You hit the death yak but do no damage.
The death yak is heavily wounded.
Unknown command.
As you read the scroll labelled QANUYS FOWUI, it crumbles to dust.
Magic quickly surges around you.
It was a scroll of vulnerability.
A wight comes into view. It is wielding a +2 battleaxe.
The death yak gores you but does no damage.
Unknown command.
The death yak attacks as you move away! The death yak gores you!
As you read the scroll labelled ROMPAI LIJUDEOJI, it crumbles to dust.
Your body is wracked with pain!
* * * LOW HITPOINT WARNING * * *
The death yak convulses! x2; The two-headed ogre convulses!
The water moccasin convulses!
It was a scroll of torment.
The death yak gores you!
* * * LOW HITPOINT WARNING * * *
As you read the scroll labelled EGITHI FIESHEI, it crumbles to dust.
The scroll dissolves into smoke.
It was a scroll of fog.
The death yak completely misses you.
As you read the scroll labelled DERUEPS XIGI, it crumbles to dust.
You feel aware of your surroundings.
You sensed 1 altar.
It was a scroll of magic mapping.
The death yak gores you but does no damage.
The death yak attacks as you move away! The death yak gores you!
* * * LOW HITPOINT WARNING * * *
You block the death yak's attack. The death yak gores you!!
You die...

******#S†Y....####
*,.....Y##SO.....#
*,z...K,*#§##.##.#
*,####*,*#§##.##.######
*,*,,,,,*#§##.........#
*,,,,,*,*#§#####.####.#
*,,,,,,,*#§#####.####.###
*,,,,,,,*#SY§....##.....#
*****,,,,<,,*##Y@#...##.....#
*,,,,,,,,,****#§###..##.....###
,,*****,,,* #.## ##.##.......#
*,** **,** ##,***.........#.#
,,,** *,* *,,*,.........#.#
,,,,* **,** *,,,,...........#
,,,****,,,** ****,.........#.#
,,,***,*,*,*******,..#.)......#
,,,,*,**,**,,,,,,,,...>....#####


You could see 2 death yaks and a water moccasin (weak-willed).

Vanquished Creatures
  Harold (D:9)
  A death yak (D:9)
  A kobold demonologist (D:8)
  A troll (D:7)
  Grinder (D:5)
  Prince Ribbit (D:6)
  A hornet (D:7)
  7 yaks
  A steam dragon (D:9)
  An acid dragon (D:9)
  2 water moccasins
  A black bear (D:4)
  An ice beast (D:7)
  An ogre (D:4)
  2 centaurs
  A phantom (D:6)
  16 kobold brigands
  5 bullfrogs
  3 scorpions
  4 killer bees (D:8)
  7 howler monkeys
  An electric eel (D:9)
  A centaur zombie (D:5)
  A bullfrog zombie (D:5)
  3 hounds
  4 jellies
  2 gnoll boudas
  2 sleepcaps (D:4)
  An iguana (D:6)
  An orc wizard (D:4)
  Natasha (twice) (D:3)
  A scorpion zombie (D:5)
  A hound zombie (D:5)
  A howler monkey zombie (D:5)
  3 gnolls
  4 adders
  A shadow imp (D:7)
  A white imp (D:6)
  A worm (D:5)
  3 dart slugs
  10 orcs
  4 endoplasms
  4 giant cockroaches
  7 goblins
  9 hobgoblins
  2 jackals (D:5)
  24 kobolds
  3 quokkas
  7 ball pythons
  3 bats
  3 frilled lizards
  8 rats
177 creatures vanquished.

Notes
Turn   | Place    | Note
-------+----------+-------------------------------------------
     0 | D:1      | Peloso the Minotaur Fighter began the quest for the Orb.
     0 | D:1      | Reached XP level 1. HP: 19/19 MP: 0/0
    83 | D:1      | Reached XP level 2. HP: 21/27 MP: 1/1
   915 | D:1      | Reached XP level 3. HP: 33/33 MP: 2/2
  1360 | D:2      | Found a runed translucent door.
  1361 | D:2      | Noticed Crazy Yiuf
  1831 | D:3      | Noticed a golden eye
  1864 | D:3      | Reached skill level 1 in Dodging
  1930 | D:3      | Noticed a great orb of eyes
  1932 | D:3      | Found a faded altar of an unknown god.
  1933 | D:3      | Noticed a shining eye
  1933 | D:3      | Noticed a golden eye
  1969 | D:3      | Reached XP level 4. HP: 40/40 MP: 3/3
  1993 | D:3      | Noticed Natasha
  1998 | D:3      | Killed Natasha
  1999 | D:3      | Reached skill level 3 in Long Blades
  2152 | D:3      | Found a glowing silver altar of Zin.
  2152 | D:3      | Noticed an angel
  2347 | D:3      | Noticed Natasha
  2353 | D:3      | Killed Natasha
  2384 | D:4      | Reached skill level 4 in Long Blades
  2384 | D:4      | Reached XP level 5. HP: 46/47 MP: 4/4
  2598 | D:4      | Noticed an ogre
  2608 | D:4      | Killed an ogre
  2609 | D:4      | Reached skill level 5 in Armour
  2609 | D:4      | Reached XP level 6. HP: 53/53 MP: 5/5
  2662 | D:4      | Reached skill level 5 in Long Blades
  2695 | D:4      | Found Othriysu's Self-Improvement Boutique.
  2844 | D:4      | Reached skill level 5 in Fighting
  2868 | D:4      | Found an iron altar of Okawaru.
  2879 | D:4      | Became a worshipper of Warmaster Okawaru
  3175 | D:5      | Entered Level 5 of the Dungeon
  3191 | D:5      | Found a basalt altar of Yredelemnul.
  3206 | D:5      | Reached XP level 7. HP: 58/61 MP: 6/6
  3230 | D:5      | Reached skill level 6 in Long Blades
  3281 | D:5      | Reached skill level 5 in Shields
  3346 | D:5      | Found a staircase to the Ecumenical Temple.
  3486 | D:5      | Noticed Grinder
  3487 | D:5      | Paralysed by Grinder for 4 turns
  3503 | D:5      | Paralysed by Grinder for 2 turns
  3520 | D:5      | Killed Grinder
  3520 | D:5      | Reached * piety under Okawaru
  3521 | D:5      | Reached skill level 7 in Long Blades
  3529 | D:5      | Found an opulent altar of Gozag.
  3909 | D:5      | Identified a scroll of acquirement
  3931 | D:6      | Noticed Prince Ribbit
  3942 | D:6      | Killed Prince Ribbit
  3943 | D:6      | Reached XP level 8. HP: 39/70 MP: 7/7
  4231 | D:6      | Reached ** piety under Okawaru
  4232 | D:6      | Reached skill level 8 in Long Blades
  4324 | D:6      | Found the +7 Throatcutter {drain, coup de grace}
  4900 | D:6      | Reached skill level 9 in Long Blades
  5096 | D:7      | Found Congilu's Assorted Antiques.
  5102 | D:7      | Bought a scroll labelled DERUEPS XIGI for 26 gold pieces
  5116 | D:7      | Found a sparkling altar of Nemelex Xobeh.
  5154 | D:7      | Noticed a hornet
  5169 | D:7      | Paralysed by a hornet for 3 turns
  5177 | D:7      | Paralysed by a hornet for 1 turns
  5179 | D:7      | Killed a hornet
  5180 | D:7      | Reached skill level 1 in Stealth
  5364 | D:7      | Reached XP level 9. HP: 61/78 MP: 8/8
  5405 | D:7      | Noticed a troll
  5422 | D:7      | Killed a troll
  5441 | D:7      | Reached skill level 10 in Long Blades
  5994 | D:8      | Reached *** piety under Okawaru
  6001 | D:8      | Reached skill level 11 in Long Blades
  6121 | D:8      | Reached XP level 10. HP: 82/88 MP: 9/9
  6166 | D:8      | Found a stormy altar of Qazlal.
  6514 | D:8      | Reached skill level 12 in Long Blades
  6572 | D:8      | Reached skill level 1 in Invocations
  6762 | D:9      | Reached **** piety under Okawaru
  6815 | D:9      | Noticed Harold
  6833 | D:9      | Killed Harold
  6866 | D:9      | Found a snail-covered altar of Cheibriados.
  6884 | D:9      | Found a shadowy altar of Dithmenos.
  7023 | D:9      | Noticed a death yak
  7026 | D:9      | Noticed a death yak
  7027 | D:9      | Noticed a death yak
  7036 | D:9      | Killed a death yak
  7037 | D:9      | Reached skill level 13 in Long Blades
  7047 | D:9      | Noticed a two-headed ogre
  7063 | D:9      | Mangled by a death yak

Illustrated notes

Levels and vault maps discovered:
D:1:      grunt_arrival_crossed_arrows, layout_basic, minmay_surrounded
D:2:      layout_loops_ring, minmay_tripent, uniq_crazy_yiuf_cottage
D:3:      layout_basic, zin_angel, hellmonk_ecumenical_altar_watching_god,
          uniq_natasha
D:4:      nicolae_cairo_tiling_large, layout_gridville,
          okawaru_ov_weapons_minmay, nicolae_shop_self_help
D:5:      layout_cave_pools, nicolae_yredelemnul_corpse_copse,
          mainiacjoe_overflow_tiny_flanked, minmay_temple_entry_statues_pillars,
          uniq_grinder
D:6:      layout_loops_cross, st_stairs_12, nicolae_benzene_ring,
          chequers_serial_rivers_small_3, uniq_prince_ribbit1
D:7:      layout_basic, lemuel_doored_altar, serial_shops, shop
D:8:      layout_basic, old_standard_altar, special_room [special_room_kobold]
D:9:      layout_loops_cross, nicolae_dithmenos_through_a_glass_darkly,
          kennysheep_little_box, lemuel_crystal_altar, dpeg_lair_monsters,
          serial_glass, glass_columns_b, glass_columns_a, feat_on_display,
          due_unseen_surprise, serial_bayou_lagoon_a, uniq_harold

Skill      XL: |  1  2  3  4  5  6  7  8  9 10 |
---------------+-------------------------------+-----
Fighting       | 4 5 6 7 8 |  8.8
Armour         | 4 5 6 7 8 9 |  9.4
Shields        | 4 5 6 7 8 |  8.0
Dodging        | 1 2 3 4 |  4.2
Long Blades    | 4 5 7 9 11 13 | 13.2
Stealth        | 1 |  1.3
Invocations    | 1 |  1.3
Evocations     | |  0.1

Action                     |  1- 3 |  4- 6 |  7- 9 | 10-12 || total
---------------------------+-------+-------+-------+-------++-------
  Melee: Long sword        |   114 |   130 |   294 |   184 ||   722
         Headbutt          |    14 |    23 |    57 |    45 ||   139
 Invoke: Heroism           |       |       |     3 |     6 ||     9
  Evoke: Wand              |       |       |     1 |       ||     1
    Use: Potion            |     1 |     2 |       |       ||     3
         Scroll            |       |     1 |     4 |     6 ||    11
 Armour: Scale mail        |    49 |     8 |       |       ||    57
         Chain mail        |       |    57 |   138 |    40 ||   235
  Dodge: Dodged            |    53 |    86 |   187 |    85 ||   411
  Block: Buckler           |    25 |    32 |    56 |    46 ||   159
